 Dungeon Crawl Stone Soup version 0.27-a0-1308-gc08437e49b (webtiles) character file.

Game seed: 15954527423812935954

12 hunterBerkeley the Skirmisher (level 2, 0/24 HPs)
             Began as a Demonspawn Abyssal Knight on June 18, 2021.
             Was an Initiate of Lugonu.
             Slain by a kobold (5 damage)
             ... on level 1 of the Dungeon.
             The game lasted 00:01:36 (484 turns).

hunterBerkeley the Skirmisher (DsAK)                 Turns: 484, Time: 00:01:37

Health: 0/24       AC:  3    Str: 12    XL:     2   Next: 20%
Magic:  3/3        EV: 11    Int: 13    God:    Lugonu [......]
Gold:   0          SH:  0    Dex: 12    Spells: 1/1 levels left

rFire    . . .     SeeInvis .   a - +1 mace
rCold    . . .     Faith    .   (no shield)
rNeg     . . .     Spirit   .   b - +0 leather armour
rPois    .         Reflect  .   (no helmet)
rElec    .         Harm     .   (no cloak)
rCorr    .         Rampage  .   (no gloves)
Will     .....                  (no boots)
Stlth    +.........             (no amulet)
HPRegen  0.08/turn              (no ring)
MPRegen  0.08/turn              (no ring)

@: no status effects
A: demonic magic 1
a: Renounce Religion


You were on level 1 of the Dungeon.
You worshipped Lugonu.
Lugonu was noncommittal.
You visited 1 branch of the dungeon, and saw 1 of its levels.
You visited the Abyss 1 time.

Inventory:

Hand Weapons
 a - a +1 mace (weapon)
Armour
 b - a +0 leather armour (worn)
Scrolls
 c - 2 scrolls of teleportation {unknown}
 d - a scroll of blinking {unknown}


   Skills:
 + Level 3.3 Fighting
 + Level 2.0 Maces & Flails
 + Level 1.8 Armour
 + Level 1.1 Dodging
 + Level 2.5 Invocations


You had one spell level left.
You didn't know any spells.
Your spell library was empty.

Dungeon Overview and Level Annotations

Branches:
Dungeon (1/15)

Altars:


Innate Abilities, Weirdness & Mutations

Spells you cast may paralyse adjacent enemies.


Message History

A kobold comes into view. It is wielding a +0 short sword.
The kobold shouts!
A bat comes into view.
The bat moves out of view.
You see here 5 gold pieces.
You hit the kobold but do no damage. The kobold hits you but does no damage.
You hit the kobold.
The kobold is moderately wounded.
The bat barely misses you. The kobold misses you.
You barely miss the kobold.
The kobold is moderately wounded.
The bat barely misses you. The bat hits you but does no damage.
The kobold hits you but does no damage. The kobold closely misses you.
The bat barely misses you.
The kobold hits you with a +0 short sword.
You hit the kobold.
The kobold is severely wounded.
The bat hits you but does no damage.
The kobold hits you with a +0 short sword.
You closely miss the kobold.
The kobold is severely wounded.
The bat hits you.
The kobold hits you with a +0 short sword.
You closely miss the kobold.
The kobold is severely wounded.
The bat closely misses you.
The kobold hits you with a +0 short sword. x2
You barely miss the kobold.
The kobold is severely wounded.
The bat hits you but does no damage. The kobold barely misses you.
You completely miss the kobold.
The kobold is severely wounded.
The bat hits you but does no damage. The bat closely misses you.
The kobold hits you with a +0 short sword.
* * * LOW HITPOINT WARNING * * *
You barely miss the kobold.
The kobold is severely wounded.
The bat barely misses you.
The kobold hits you with a +0 short sword.
You die...

...##.#.##.......>..##.#
...##...##.............#
..############....#..###
#.# #.........# #.#
####.#'#....## #.#
#........##.# ..#
####........# # ###
.........b..# #
...>.....@..# #
......#.K$..# #
......#.#.### #
..!.......# #
.....#..#.. #
.....#$.#... # ....
#..#.... # .. .... # ..
.....


You could see a bat and a kobold.

Vanquished Creatures
  A dart slug (D:1)
  4 endoplasms (D:1)
  2 goblins (D:1)
  2 kobolds (D:1)
  A rat (D:1)
10 creatures vanquished.

Notes
Turn   | Place    | Note
-------+----------+-------------------------------------------
     0 | Abyss:1  | hunterBerkeley the Demonspawn Abyssal Knight began the
                  | quest for the Orb.
     0 | Abyss:1  | Reached XP level 1. HP: 18/18 MP: 2/2
     0 | D:1      | Escaped the Abyss
    38 | D:1      | Reached skill level 1 in Dodging
    83 | D:1      | Reached * piety under Lugonu
   149 | D:1      | Gained mutation: Spells you cast may paralyse adjacent
                  | enemies. [demonic ancestry]
   149 | D:1      | Reached XP level 2. HP: 20/24 MP: 3/3
   484 | D:1      | Slain by a kobold

Illustrated notes

Levels and vault maps discovered:
D:1:      dpeg_arrival_ternary, layout_basic, serial_curves, eino_curves_03,
          eino_curves_01, shapermc_ecumenical_altar_mp_vishouse,
          minmay_tromino_i2

Skill      XL: |  1  2 |
---------------+-------+-----
Dodging        | 1 |  1.1
Maces & Flails | 2 |  2.0
Fighting       | |  3.3
Armour         | |  1.8
Invocations    | |  2.5

Action                   || total
-------------------------++-------
Melee: Mace              ||    34
Invok: Depart the Abyss  ||     1
Armor: Leather armour    ||    10
Dodge: Dodged            ||    20

Table legend: (Time is in decaauts)
 A = Elapsed time spent in this place.
 B = Non-inter-level travel time spent in this place.
 C = Inter-level travel time spent in this place.
 D = Time resting spent in this place.
 E = Time spent auto-exploring this place.
 F = Levels seen in this place.
 G = Mean time per level.
                   A        B        C        D        E       F      G
               +--------+--------+--------+--------+--------+-----+--------+
         Total |    493 |    493 |      0 |      0 |    287 |   2 |  246.5 |
       Dungeon |    493 |    493 |      0 |      0 |    287 |   1 |  493.0 |
         Abyss |      0 |      0 |      0 |      0 |      0 |   1 |    0.0 |
               +--------+--------+--------+--------+--------+-----+--------+

Top non-repeatable levels by time:
     D:1: 493 daAuts
